General information
- name: BNet
- type: Ladder team game (AT/RT)
- host: Battle.net
- saver: YEEEHAW
map: Battleground
- players: 8
- length: 28:09
- speed: Fast
- version: 1.28 W3XP
- replay type: Public
» download(175 KB)
Players
team 1 (winner)
Wolstenholme (
teal | 76 APM | 1608 actions | 21:15)
5 Death Knight
2 Death Coil
3 Unholy Aura
2 Crypt Lord
1 Impale
1 Spiked Carapace
» actions
| Assign group hotkey | 32 | |
| Basic commands | 274 | |
| Build / train | 80 | |
| Enter build submenu | 18 | |
| Enter hero's abilities submenu | 7 | |
| Give item / drop item | 3 | |
| Right click | 332 | |
| Select / deselect | 211 | |
| Select group hotkey | 593 | |
| Use ability | 58 | |
1608 total
» units
| Acolyte | 4 | |
| Ghoul | 3 | |
| Crypt Fiend | 24 | |
| Obsidian Statue | 4 | |
35 total
» upgrades
| Web | 1 | |
| Creature Attack | 2 | |
| Creature Carapace | 2 | |
5 total
» buildings
| Ziggurat | 11 | |
| Crypt | 1 | |
| Graveyard | 1 | |
| Altar of Darkness | 1 | |
| Tomb of Relics | 1 | |
| Nerubian Tower | 3 | |
| Halls of the Dead | 2 | |
| Slaughterhouse | 1 | |
| Black Citadel | 1 | |
| Spirit Tower | 11 | |
33 total
» build order
00:08 Ziggurat
00:12 Crypt
00:53 Graveyard
01:05 Altar of Darkness
01:50 Ziggurat
02:11 Tomb of Relics
02:20 Nerubian Tower
02:20 Nerubian Tower
03:22 Halls of the Dead
03:23 Halls of the Dead
04:17 Ziggurat
05:06 Ziggurat
06:29 Slaughterhouse
09:43 Ziggurat
09:45 Ziggurat
09:47 Ziggurat
09:51 Ziggurat
10:50 Black Citadel
13:43 Spirit Tower
13:43 Spirit Tower
13:44 Spirit Tower
13:59 Spirit Tower
14:39 Spirit Tower
14:39 Spirit Tower
16:16 Ziggurat
16:38 Ziggurat
16:56 Ziggurat
17:21 Spirit Tower
17:34 Spirit Tower
» items
| Rod of Necromancy | 2 | |
| Scroll of Town Portal | 4 | |
6 total
YEEEHAW (
yellow | 100 APM | 2813 actions | 28:09)
5 Archmage
3 Summon Water Elemental
2 Brilliance Aura
3 Mountain King
2 Storm Bolt
1 Bash
» actions
| Assign group hotkey | 118 | |
| Basic commands | 322 | |
| Build / train | 109 | |
| ESC pressed | 3 | |
| Enter build submenu | 36 | |
| Enter hero's abilities submenu | 10 | |
| Give item / drop item | 5 | |
| Right click | 625 | |
| Select / deselect | 384 | |
| Select group hotkey | 1008 | |
| Use ability | 193 | |
2813 total
» units
| Peasant | 12 | |
| Footman | 3 | |
| Rifleman | 8 | |
| Forest Troll Berserker | 1 | |
| Forest Troll Shadow Priest | 1 | |
| Gryphon Rider | 6 | |
| Dragonhawk Rider | 1 | |
32 total
» upgrades
| Gunpowder | 3 | |
| Armor | 4 | |
| Long Rifles | 1 | |
| Masonry | 3 | |
| Swords | 3 | |
| Lumber Harvesting | 2 | |
| Animal War Training | 1 | |
| Cloud | 1 | |
| Storm Hammers | 1 | |
| Plating | 1 | |
20 total
» buildings
| Altar of Kings | 1 | |
| Barracks | 1 | |
| Farm | 16 | |
| Lumber Mill | 1 | |
| Arcane Vault | 1 | |
| Blacksmith | 1 | |
| Keep | 3 | |
| Town Hall | 1 | |
| Scout Tower | 11 | |
| Guard Tower | 16 | |
| Castle | 4 | |
| Gryphon Aviary | 2 | |
58 total
» build order
00:59 Altar of Kings
01:01 Barracks
01:03 Farm
01:09 Farm
01:16 Farm
01:40 Lumber Mill
02:13 Arcane Vault
03:06 Blacksmith
03:46 Keep
03:46 Keep
04:44 Farm
04:49 Farm
06:40 Farm
06:43 Farm
07:49 Town Hall
07:52 Scout Tower
07:53 Scout Tower
07:55 Scout Tower
07:56 Scout Tower
07:59 Scout Tower
08:01 Scout Tower
08:23 Guard Tower
08:23 Guard Tower
09:01 Guard Tower
09:03 Guard Tower
10:36 Castle
10:36 Castle
10:51 Gryphon Aviary
11:19 Gryphon Aviary
12:33 Guard Tower
12:33 Guard Tower
14:30 Farm
14:33 Farm
14:35 Farm
14:39 Farm
16:06 Scout Tower
16:07 Scout Tower
16:08 Scout Tower
16:17 Scout Tower
16:19 Scout Tower
16:24 Farm
16:49 Guard Tower
16:49 Guard Tower
16:49 Guard Tower
16:49 Guard Tower
16:55 Guard Tower
16:55 Guard Tower
16:55 Guard Tower
16:55 Guard Tower
22:00 Farm
22:01 Farm
22:04 Farm
22:05 Farm
» items
| Scroll of Regeneration | 5 | |
| Mechanical Critter | 2 | |
| Boots of Speed | 1 | |
| Periapt of Vitality | 2 | |
| Circlet of Nobility | 1 | |
| Staff of Teleportation | 1 | |
| Potion of Lesser Invulnerability | 1 | |
| Scroll of Town Portal | 1 | |
| Staff of Sanctuary | 1 | |
15 total

»
OneGunn (
purple | 40 APM | 1016 actions | 25:25)
5 Death Knight
3 Death Coil
2 Unholy Aura
3 Naga Sea Witch
2 Frost Arrows
1 Forked Lightning
» actions
| Assign group hotkey | 15 | |
| Basic commands | 1 | |
| Build / train | 44 | |
| Enter build submenu | 10 | |
| Enter hero's abilities submenu | 8 | |
| Give item / drop item | 1 | |
| Right click | 574 | |
| Select / deselect | 156 | |
| Select group hotkey | 153 | |
| Use ability | 54 | |
1016 total
» units
| Acolyte | 2 | |
| Ghoul | 4 | |
| Crypt Fiend | 9 | |
| Meatwagon | 3 | |
| Obsidian Statue | 2 | |
| Necromancer | 2 | |
22 total
» upgrades
| Creature Attack | 2 | |
| Creature Carapace | 2 | |
| Web | 1 | |
| Skeletal Longevity | 1 | |
| Necromancer Training | 1 | |
| Skeletal Mastery | 1 | |
8 total
» buildings
| Altar of Darkness | 1 | |
| Ziggurat | 5 | |
| Graveyard | 1 | |
| Crypt | 1 | |
| Tomb of Relics | 1 | |
| Halls of the Dead | 1 | |
| Temple of the Damned | 1 | |
| Slaughterhouse | 1 | |
| Black Citadel | 1 | |
13 total
» build order
00:13 Altar of Darkness
00:18 Ziggurat
00:53 Graveyard
01:07 Crypt
01:35 Tomb of Relics
02:06 Ziggurat
02:55 Ziggurat
05:20 Halls of the Dead
09:07 Temple of the Damned
09:10 Slaughterhouse
09:12 Black Citadel
10:04 Ziggurat
10:05 Ziggurat
» items
| Rod of Necromancy | 1 | |
| Dust of Appearance | 1 | |
2 total

»
REEEEEEEEEEEEE (
blue | 24 APM | 684 actions | 28:08)
5 Mountain King
3 Storm Bolt
2 Bash
» actions
| Assign group hotkey | 12 | |
| Basic commands | 132 | |
| Build / train | 43 | |
| Enter build submenu | 23 | |
| Enter hero's abilities submenu | 5 | |
| Right click | 176 | |
| Select / deselect | 179 | |
| Select group hotkey | 68 | |
| Use ability | 46 | |
684 total
» units
| Peasant | 5 | |
| Footman | 11 | |
| Forest Troll Berserker | 1 | |
| Forest Troll Shadow Priest | 1 | |
| Rifleman | 3 | |
21 total
» upgrades
| Defend | 1 | |
| Swords | 1 | |
| Gunpowder | 1 | |
| Armor | 1 | |
4 total
» buildings
| Barracks | 2 | |
| Altar of Kings | 1 | |
| Farm | 9 | |
| Arcane Vault | 1 | |
| Blacksmith | 1 | |
| Lumber Mill | 1 | |
| Scout Tower | 2 | |
| Arcane Tower | 2 | |
19 total
» build order
01:07 Barracks
01:16 Barracks
01:22 Altar of Kings
01:28 Farm
01:29 Farm
01:33 Farm
02:12 Farm
02:52 Farm
03:21 Farm
04:09 Arcane Vault
05:46 Blacksmith
11:00 Farm
11:03 Lumber Mill
15:58 Scout Tower
16:39 Arcane Tower
16:42 Scout Tower
17:53 Arcane Tower
26:52 Farm
26:55 Farm
» items
| Scroll of Regeneration | 2 | |
| Potion of Mana | 1 | |
| Potion of Healing | 1 | |
4 total
team 2 (loser)
HuNtZz (
green | 63 APM | 886 actions | 14:09)
2 Demon Hunter
1 Evasion
1 Mana Burn
» actions
| Assign group hotkey | 6 | |
| Basic commands | 1 | |
| Build / train | 52 | |
| ESC pressed | 2 | |
| Enter build submenu | 12 | |
| Enter hero's abilities submenu | 3 | |
| Right click | 607 | |
| Select / deselect | 154 | |
| Select group hotkey | 10 | |
| Use ability | 39 | |
886 total
» units
| Wisp | 11 | |
| Archer | 10 | |
| Hippogryph | 5 | |
| Druid of the Talon | 7 | |
33 total
» upgrades
| Hippogryph Taming | 1 | |
| Improved Bows | 1 | |
| Druid of the Talon Training | 2 | |
4 total
» buildings
| Altar of Elders | 1 | |
| Moon Well | 4 | |
| Ancient of War | 2 | |
| Tree of Ages | 3 | |
| Ancient of Wind | 2 | |
| Tree of Eternity | 1 | |
| Ancient of Wonders | 1 | |
14 total
» build order
00:04 Altar of Elders
00:25 Moon Well
00:44 Ancient of War
01:45 Moon Well
03:12 Tree of Ages
03:12 Tree of Ages
03:49 Ancient of War
04:42 Moon Well
05:50 Ancient of Wind
05:52 Ancient of Wind
09:14 Tree of Eternity
12:11 Ancient of Wonders
13:04 Moon Well
» items
| Potion of Healing | 1 | |
| Healing Salve | 1 | |
2 total
4-4-4-5-5-5- (
orange | 63 APM | 1778 actions | 28:08)
5 Blademaster
3 Wind Walk
2 Critical Strike
» actions
| Assign group hotkey | 20 | |
| Basic commands | 46 | |
| Build / train | 57 | |
| Enter build submenu | 23 | |
| Enter hero's abilities submenu | 5 | |
| Give item / drop item | 1 | |
| Remove unit from queue | 1 | |
| Right click | 707 | |
| Select / deselect | 173 | |
| Select group hotkey | 631 | |
| Use ability | 113 | |
1778 total
» units
| Peon | 11 | |
| Troll Batrider | 9 | |
| Forest Troll Shadow Priest | 1 | |
| Forest Troll Berserker | 1 | |
| Mud Golem | 2 | |
| Ogre Mauler | 2 | |
| Raider | 4 | |
30 total
» upgrades
| Reinforced Defenses | 1 | |
| Liquid Fire | 1 | |
| Ranged Weapons | 1 | |
3 total
» buildings
| Altar of Storms | 1 | |
| Orc Burrow | 7 | |
| War Mill | 1 | |
| Voodoo Lounge | 1 | |
| Watch Tower | 26 | |
| Stronghold | 2 | |
| Beastiary | 2 | |
| Fortress | 2 | |
42 total
» build order
00:07 Altar of Storms
00:15 Orc Burrow
00:43 War Mill
01:18 Voodoo Lounge
01:56 Watch Tower
02:19 Watch Tower
02:50 Watch Tower
03:36 Stronghold
03:36 Stronghold
04:00 Watch Tower
04:30 Orc Burrow
04:33 Orc Burrow
04:34 Orc Burrow
04:45 Watch Tower
06:07 Beastiary
06:08 Beastiary
06:59 Fortress
07:00 Fortress
07:40 Watch Tower
07:40 Watch Tower
10:19 Watch Tower
10:20 Watch Tower
10:47 Watch Tower
10:47 Watch Tower
11:14 Watch Tower
11:14 Watch Tower
12:12 Watch Tower
12:12 Watch Tower
12:43 Watch Tower
12:43 Watch Tower
15:51 Watch Tower
15:52 Watch Tower
15:59 Watch Tower
15:59 Watch Tower
15:59 Watch Tower
16:00 Watch Tower
16:27 Watch Tower
17:56 Watch Tower
17:57 Watch Tower
19:28 Orc Burrow
19:28 Orc Burrow
19:29 Orc Burrow
» items
| Healing Salve | 1 | |
| Lesser Clarity Potion | 4 | |
| Staff of Teleportation | 1 | |
| Potion of Lesser Invulnerability | 2 | |
| Scroll of Town Portal | 1 | |
| Boots of Speed | 1 | |
| Tiny Great Hall | 1 | |
| Orb of Lightning | 1 | |
12 total
BOGNlGGER (
pink | 45 APM | 1256 actions | 28:08)
5 Blademaster
3 Wind Walk
2 Critical Strike
» actions
| Assign group hotkey | 43 | |
| Basic commands | 14 | |
| Build / train | 42 | |
| Enter build submenu | 20 | |
| Enter hero's abilities submenu | 5 | |
| Give item / drop item | 3 | |
| Right click | 731 | |
| Select / deselect | 237 | |
| Select group hotkey | 66 | |
| Use ability | 95 | |
1256 total
» units
| Peon | 12 | |
| Grunt | 7 | |
| Troll Batrider | 5 | |
24 total
» buildings
| Orc Burrow | 6 | |
| Altar of Storms | 3 | |
| Barracks | 1 | |
| Voodoo Lounge | 1 | |
| Stronghold | 1 | |
| War Mill | 1 | |
| Beastiary | 2 | |
| Watch Tower | 4 | |
19 total
» build order
00:37 Orc Burrow
00:55 Altar of Storms
00:56 Barracks
01:03 Altar of Storms
01:19 Orc Burrow
01:44 Voodoo Lounge
02:52 Stronghold
04:16 War Mill
04:35 Orc Burrow
05:19 Beastiary
05:20 Beastiary
06:46 Watch Tower
06:46 Watch Tower
06:50 Watch Tower
19:43 Altar of Storms
19:45 Orc Burrow
19:54 Orc Burrow
27:05 Orc Burrow
» items
| Healing Salve | 3 | |
| Potion of Mana | 1 | |
| Potion of Healing | 2 | |
| Scroll of Town Portal | 1 | |
| Staff of Teleportation | 1 | |
| Lesser Clarity Potion | 1 | |
| Orb of Lightning | 1 | |
| Tiny Great Hall | 1 | |
11 total
stoneybonzai (
red | 95 APM | 1585 actions | 16:40)
4 Blademaster
2 Wind Walk
2 Critical Strike
2 Shadow Hunter
1 Healing Wave
1 Hex
» actions
| Assign group hotkey | 26 | |
| Basic commands | 18 | |
| Build / train | 55 | |
| ESC pressed | 3 | |
| Enter build submenu | 15 | |
| Enter hero's abilities submenu | 6 | |
| Give item / drop item | 1 | |
| Right click | 544 | |
| Select / deselect | 195 | |
| Select group hotkey | 663 | |
| Use ability | 59 | |
1585 total
» units
| Peon | 8 | |
| Grunt | 12 | |
| Shaman | 6 | |
| Tauren | 4 | |
30 total
» upgrades
| Armor | 1 | |
| Melee Weapons | 1 | |
| Berserker Strength | 1 | |
| Shaman Training | 2 | |
| Pulverize | 1 | |
6 total
» buildings
| Altar of Storms | 1 | |
| Orc Burrow | 5 | |
| Barracks | 1 | |
| Voodoo Lounge | 1 | |
| War Mill | 1 | |
| Stronghold | 1 | |
| Fortress | 1 | |
| Watch Tower | 1 | |
| Spirit Lodge | 2 | |
| Tauren Totem | 1 | |
15 total
» build order
00:08 Altar of Storms
00:21 Orc Burrow
00:44 Barracks
01:42 Orc Burrow
02:04 Voodoo Lounge
03:15 Orc Burrow
04:12 War Mill
04:14 Stronghold
06:52 Orc Burrow
06:56 Fortress
07:39 Watch Tower
08:29 Spirit Lodge
09:05 Spirit Lodge
10:09 Orc Burrow
10:36 Tauren Totem
» items
| Healing Salve | 4 | |
| Scroll of Speed | 2 | |
| Boots of Speed | 1 | |
| Lesser Clarity Potion | 1 | |
| Scroll of Town Portal | 1 | |
9 total
Chat log
(00:16 / Allies) Wolstenholme: fiend stat
(00:22 / Allies) REEEEEEEEEEEEE: they are do rushing
(00:44 / All) BOGNlGGER: my build is all fucked lawl
(01:00 / All) REEEEEEEEEEEEE: dont forget to tech that hall
(01:18 / All) Wolstenholme: AUTISTIC SCREECHING INTENSIFIES
(01:25 / All) REEEEEEEEEEEEE:
(01:28 / All) Wolstenholme: lolz
(01:38 / All) Wolstenholme: i know that meme
(01:41 / All) Wolstenholme: but i honestly
(01:45 / All) Wolstenholme: dont get where it came from
(01:54 / All) Wolstenholme: like
(01:57 / All) Wolstenholme: REEEEEEEE
(01:57 / All) REEEEEEEEEEEEE: people making fun of liberals logic
(01:59 / All) YEEEHAW: /r9k/
(02:03 / All) Wolstenholme: is such a weird noise
(02:04 / All) BOGNlGGER: that's the sound autismos make
(02:16 / All) Wolstenholme: do they? lolz
(02:20 / All) REEEEEEEEEEEEE: im not sure if thats even a real thing
(02:22 / All) YEEEHAW: it's from 4chan's autistic board
(02:24 / All) BOGNlGGER: yeah look on youtube
(02:26 / All) YEEEHAW: they REEEE to normies
(02:28 / All) BOGNlGGER: autistic screeching
(02:32 / All) REEEEEEEEEEEEE: but the internet made it real
(02:34 / All) Wolstenholme: ./pol for life
(02:45 / All) YEEEHAW: autists reaction to people more successful than them
(02:47 / All) BOGNlGGER: my build was all jacked up this game
(03:08 / All) Wolstenholme: you are my people
(03:18 / All) Wolstenholme: and i absolve you
(03:57 / All) REEEEEEEEEEEEE: igot blademasetered REEEEEEEEEEEEEEEE
(04:11 / All) Wolstenholme: HAX REEEEEEEEEEE
(04:24 / All) REEEEEEEEEEEEE: turn off map hack orc.. all orc mh
(05:26 / All) BOGNlGGER: goddamn it
(05:28 / All) BOGNlGGER: Fucking quueer
(05:32 / All) Wolstenholme: REEEEEEEEE
(05:34 / All) BOGNlGGER: fiend bot
(05:37 / All) REEEEEEEEEEEEE: ORC MH
(05:49 / All) BOGNlGGER: yeah I mh not teal creepjacking
(05:51 / All) 4-4-4-5-5-5-: delroy= blue?
(05:59 / All) Wolstenholme: I HAVE A WARD BRO
(06:01 / All) Wolstenholme: REEEEEEEEEEE
(06:12 / All) REEEEEEEEEEEEE: TP GUYS
(07:26 / All) BOGNlGGER: are you sure they didn't say rush? why do they all have mass tier 1 then?
(08:01 / Allies) Wolstenholme: coil me bor
(08:10 / Allies) REEEEEEEEEEEEE: b from towers
(08:35 / Allies) Wolstenholme: b
(09:02 / All) BOGNlGGER: Asdgasdgsdaha
(09:44 / All) HuNtZz: pink masin g bats too..lol
(10:00 / All) Wolstenholme: NEED MOAR AA
(10:03 / All) Wolstenholme: VS THESE FIENDS
(10:10 / All) Wolstenholme: ITS LIKE 20 BATS FOR 1 FIEND
(10:13 / All) Wolstenholme: GET MOAR BATS
(10:17 / All) Wolstenholme: REEEEEEEEEEEEEE
(10:17 / All) REEEEEEEEEEEEE:
(10:24 / All) REEEEEEEEEEEEE: feed hippos pls
(10:30 / All) REEEEEEEEEEEEE: ROFL
(10:34 / All) Wolstenholme: MOAR HIPPOS"
(10:37 / Allies) YEEEHAW: wood me
(10:38 / All) REEEEEEEEEEEEE: so funny
(11:06 / Allies) Wolstenholme: take chimes
(11:07 / Allies) Wolstenholme: blue
(11:10 / Allies) Wolstenholme: reeeee?
(11:16 / Allies) REEEEEEEEEEEEE: thanks
(11:24 / Allies) Wolstenholme: ree
(11:37 / All) BOGNlGGER: I got fucking crit strike level 2 instead of wind walk
(11:51 / All) REEEEEEEEEEEEE: oh noes my T1 hall
(12:00 / Allies) YEEEHAW: more lumber?
(12:23 / Allies) Wolstenholme: we got xpo too?
(12:27 / Allies) Wolstenholme: what is this sorcery
(12:40 / All) Wolstenholme: do you have an afk?
(12:47 / All) HuNtZz: basically
(12:47 / All) BOGNlGGER: he teched to bats
(12:48 / All) stoneybonzai: no team just sucks
(12:58 / Allies) YEEEHAW: lumber me
(13:12 / Allies) YEEEHAW: ty
(13:14 / All) BOGNlGGER: jake = worthless
(13:20 / All) Wolstenholme: hi jake
(13:31 / All) REEEEEEEEEEEEE: efff my base i dont care
(14:31 / All) REEEEEEEEEEEEE: BTFO
(14:50 / All) BOGNlGGER: finally level 2 wind walk
(14:55 / All) BOGNlGGER: no thanks to retard jake
(15:07 / All) BOGNlGGER: I asked for 100 gold
(15:09 / All) REEEEEEEEEEEEE: Don't hate those with disabilties REEEEEEE
(15:09 / All) BOGNlGGER: 50 fucking times
(15:11 / All) BOGNlGGER: that's why
(15:17 / All) Wolstenholme: nice liberal logic
(15:23 / All) Wolstenholme: redistribution of REEEEEEE
(15:29 / All) BOGNlGGER: I did
(16:04 / Allies) YEEEHAW: more lumber?
(16:13 / Allies) YEEEHAW: ty
(16:31 / Allies) Wolstenholme: put towers by my mine
(16:34 / All) stoneybonzai: shitty ass team
(16:34 / Allies) Wolstenholme: if ur gonna make
(17:40 / Allies) REEEEEEEEEEEEE: thats my dudes bro reee
(17:57 / Allies) Wolstenholme: i need 100 gold
(18:04 / Allies) YEEEHAW: give me lumber
(18:06 / Allies) YEEEHAW: and I give you gold
(18:14 / Allies) OneGunn: baTS
(18:18 / Allies) YEEEHAW: ty teal
(18:26 / Allies) OneGunn: gold for hero ?
(18:33 / All) 4-4-4-5-5-5-: teal is a try hard
(18:36 / All) 4-4-4-5-5-5-: i know he wants this win
(18:48 / All) Wolstenholme: lol loser logic up in here
(18:50 / All) BOGNlGGER: yeah it's orc that mh purple
(19:00 / Allies) Wolstenholme: why are you killing mah shit
(19:10 / Allies) Wolstenholme: i gave you like 600 wood nogger
(19:13 / Allies) YEEEHAW: yeah
(19:16 / All) REEEEEEEEEEEEE: Yellow is autist
(19:17 / Allies) YEEEHAW: and now you have to die
(19:19 / Allies) YEEEHAW: you're ak nown hacker
(19:21 / Allies) Wolstenholme: ok w/e
(19:23 / All) BOGNlGGER: lawl
(19:26 / Allies) Wolstenholme: lol
(19:31 / All) YEEEHAW: was shift queueing shit lol
(19:35 / All) YEEEHAW: and paused for a sec to type
(19:46 / Allies) Wolstenholme: supreme autism here
(19:50 / Allies) OneGunn: ..
(19:53 / All) YEEEHAW: teal is a hacker in denial
(19:55 / All) YEEEHAW: I kill hackers
(19:57 / All) YEEEHAW: and give them losses
(20:03 / All) REEEEEEEEEEEEE: Why you kill me
(20:07 / All) REEEEEEEEEEEEE: i don't use hacks bro
(20:10 / Allies) OneGunn: lol wow
(20:11 / All) YEEEHAW: you're on a hacker team
(20:11 / All) 4-4-4-5-5-5-: having u 2 banned from clan s4s
(20:12 / All) BOGNlGGER: hacker down
(20:13 / All) REEEEEEEEEEEEE: Just meme jokes
(20:15 / All) YEEEHAW: so you have to die to give the hacker a loss
(20:26 / All) REEEEEEEEEEEEE: ok WP yellow
(20:28 / Allies) OneGunn: WOW!!!!
(20:33 / All) Wolstenholme: the fact you think i hack is amazing
(20:35 / All) REEEEEEEEEEEEE: Maybe you can get more hours at the burger king and move out of moms basement
(20:40 / All) 4-4-4-5-5-5-: lawl
(20:47 / All) YEEEHAW: lol
(20:59 / All) BOGNlGGER: one of the shittiest matches ever lalw
(21:04 / All) Wolstenholme: i mean, i dont care at all about the loss. but yea, fail logic
(21:05 / All) REEEEEEEEEEEEE: Seriously
(21:06 / All) BOGNlGGER: at least teal gets raped after shit talking
(21:10 / All) 4-4-4-5-5-5-: yes u do. thats y ur still here
(21:25 / All) YEEEHAW: Now you both leave
(21:29 / All) YEEEHAW: this hacker must lose
(21:33 / All) BOGNlGGER: I don't understand the faggots
(21:34 / All) YEEEHAW: we can do this the long way or the short way
(21:39 / All) REEEEEEEEEEEEE: long way
(21:42 / All) BOGNlGGER: why keep playing
(21:50 / All) BOGNlGGER: lawl
(21:51 / All) BOGNlGGER: "ward"
(21:54 / All) BOGNlGGER: not map hack
(21:58 / All) REEEEEEEEEEEEE: He did have a ward
(22:02 / All) BOGNlGGER: 100% mh
(22:06 / All) REEEEEEEEEEEEE: but you can check replay
(22:09 / All) REEEEEEEEEEEEE: There was a ward
(22:11 / All) BOGNlGGER: He's finding my hidden shit
(22:21 / All) BOGNlGGER: right away went for my burrow, found hiddne peons
(22:34 / All) REEEEEEEEEEEEE: Hmm not sure about that
(22:37 / All) REEEEEEEEEEEEE: But he did play a ward
(22:57 / All) YEEEHAW: finish teal's buildings mid right
(22:58 / All) REEEEEEEEEEEEE: Losses actually help me find games so TYVM
(23:09 / All) YEEEHAW: yw blue
(23:15 / All) YEEEHAW: nothing against you man just this hacker has to lose
(23:20 / All) YEEEHAW: glad you ain't sour about it
(23:26 / All) REEEEEEEEEEEEE: We all know who really won and who is really a neckbeard basement dwueller
(23:35 / Allies) OneGunn: this hurts my head
(23:36 / All) BOGNlGGER: yeah we won
(23:41 / All) BOGNlGGER: and you are the basement dweller
(23:51 / All) REEEEEEEEEEEEE: On 2nd floor, of my own home
(24:02 / All) BOGNlGGER: that's pretty high for a basement
(24:02 / All) YEEEHAW: Blue sounds like he's insecure and has something to prove
(24:06 / All) BOGNlGGER: must be a 21st century design
(24:08 / All) YEEEHAW: you tk me in war3 but I-i'm not a loser guys
(24:10 / All) YEEEHAW: YOU ARE
(24:24 / All) REEEEEEEEEEEEE: TK is bad mannor
(24:28 / All) REEEEEEEEEEEEE: No excuse for doing it
(24:36 / All) YEEEHAW: lol
(24:38 / All) REEEEEEEEEEEEE: I bet your a bad person IRL
(24:40 / All) BOGNlGGER: gonna retake my homeland
(24:42 / All) BOGNlGGER: need gold and wood
(25:00 / All) YEEEHAW: Blue is an e-psychologist, can tell me all about my real life from how I team kill in WC3
(25:13 / All) REEEEEEEEEEEEE: Well, are you a rude person IRL or not
(25:19 / All) REEEEEEEEEEEEE: Be honest, no lying on the internet
(25:24 / All) YEEEHAW: lol
(26:27 / All) REEEEEEEEEEEEE: Got yellow hurry up
(26:38 / All) YEEEHAW: don't try to reverse psychology me
(26:51 / All) YEEEHAW: I'm in control here, not you
(27:00 / All) REEEEEEEEEEEEE: Thats what she said
(27:37 / All) YEEEHAW: anything to say for yourself before I end it, blue?
(27:40 / All) REEEEEEEEEEEEE: Only 1 tower left guys
(27:47 / All) REEEEEEEEEEEEE:
(27:49 / All) REEEEEEEEEEEEE:
(27:52 / All) REEEEEEEEEEEEE:
(27:58 / All) REEEEEEEEEEEEE: Never TK, its bad mannor